 Dungeon Crawl Stone Soup version 0.31-a0-702-gf82c85558f (webtiles) character file.

Game seed: 18080875367801779544

216 qw the Shooter (level 5, -1/33 HPs)
             Began as a Gargoyle Hunter on Sept 7, 2023.
             Slain by an orc
             ... wielding a +0 club
              (2 damage)
             ... on level 3 of the Dungeon.
             The game lasted 00:00:50 (1825 turns).

qw the Shooter (Gargoyle Hunter)                    Turns: 1825, Time: 00:00:51

Health: -1/33      AC:  9    Str: 15    XL:     5   Next: 93%
Magic:  5/5        EV: 11    Int:  9    God:
Gold:   130        SH:  0    Dex: 15    Spells: 4/4 levels left

rFire   . . .        Y - +1 shortbow (flame)
rCold   + . .        (shield currently unavailable)
rNeg    + . .        i - +0 ring mail
rPois   inf          (no helmet)
rElec   +            (no cloak)
rCorr   .            (no gloves)
SInv    .            (no boots)
Will    .....        (no amulet)
Stlth   +            b - ring of protection from cold
HPRegen 0.25/turn    (no ring)
MPRegen 0.09/turn

%: no passive effects
@: no status effects
A: sickness immunity, AC +4, negative energy resistance 1, electricity
resistance, torment resistance 1, petrification resistance
a: no special abilities


You were on level 3 of the Dungeon.
You visited 1 branch of the dungeon, and saw 3 of its levels.

You collected 130 gold pieces.


Innate Abilities, Weirdness & Mutations

You are immune to sickness and miasma.
Your stone body is resilient. (AC +4)
You are immune to poison.
You resist negative energy. (rN+)
You are resistant to electric shocks. (rElec)
You are resistant to unholy torment.
You are immune to petrification.


   Skills:
 + Level 3.9 Fighting
 - Level 6.0 Ranged Weapons
 - Level 1.3 Armour
 - Level 1.5 Dodging
 - Level 1.1 Stealth


You had 4 spell levels left.
You didn't know any spells.
Your spell library was empty.

Inventory:

Hand Weapons
 Y - a +1 shortbow of flaming (weapon)
Armour
 i - a +0 ring mail (worn)
Jewellery
 b - a ring of protection from cold (left hand)
Scrolls
 c - a scroll of teleportation {unknown}
Potions
 a - a potion of curing {unknown}
 e - a potion of enlightenment {unknown}
 h - a potion of might {unknown}
 k - a potion of brilliance {unknown}

Dungeon Overview and Level Annotations

Branches:
Dungeon (3/15)

Altars:
Fedhas

Annotations:
D:3 2 transporters, qw's ghost, amateur GrHu


Message History

The orc shouts!
The arrow hits the orc but does no damage.
The orc is moderately wounded.
The orc hits you but does no damage.
An orc comes into view. It is wielding a +0 club.
The orc throws a javelin.
The javelin pierces through you.
You shoot an arrow. The arrow hits the orc.
The arrow burns the orc.
The orc is severely wounded.
The orc hits you but does no damage.
You shoot an arrow. The arrow closely misses the orc.
An orc comes into view. It is wielding a +0 trident of venom.
The orc completely misses you.
The orc throws a javelin.
The javelin closely misses you.
You shoot an arrow. The arrow hits the orc.
The arrow burns the orc.
You kill the orc!
The orc closely misses you.
You shoot an arrow. The arrow hits the orc.
The arrow burns the orc.
The orc is moderately wounded.
The orc closely misses you.
The orc hits you with the +9 hand axe "Buguth" {protect, Int+5}!
You shoot an arrow. The arrow hits the orc!
The arrow burns the orc.
You kill the orc!
The orc hits you but does no damage.
You shoot an arrow. The arrow closely misses the orc.
The orc hits you but does no damage. x2
The orc hits you with the +9 hand axe "Buguth" {protect, Int+5}.
You shoot an arrow.
The arrow hits the orc but does no damage.
The orc hits you with a +0 club.
The orc hits you from afar with a +0 trident of venom.
The orc hits you with the +9 hand axe "Buguth" {protect, Int+5}.
An endoplasm comes into view.
You shoot an arrow. The endoplasm quivers.
The arrow hits the orc.
The arrow burns the orc.
The orc is heavily wounded.
The orc barely misses you. The orc hits you but does no damage.
The orc hits you with the +9 hand axe "Buguth" {protect, Int+5}.
The orc hits you with a +0 club.
You die...

##:##..###.## .#
#..###.###..####.#
#.## #..###......#
# #.# ##.#
#......#.# #.# #.#
#......#.# #.# #.#
#......J.# ###.#
#.# ##......##
....# #.# #..ooo.#
#..######.##
#.#@#..#
...........#
#.#[#.....
)###'###%#.#
#.#....##..
.#.....#.#.#
#.##..## #
.#.....#.).# ...
.#.._..#.#.# ...#
.#.....#...# ..##
.#.....#..... ...
%#######.#.##


You could see 3 orcs and an endoplasm.

Vanquished Creatures
  A scorpion (D:3)
  Ijyb (D:3)
  4 gnolls (D:2)
  4 adders
  A worm (D:2)
  2 dart slugs (D:1)
  2 orcs (D:3)
  2 endoplasms
  5 giant cockroaches
  2 goblins (D:1)
  4 hobgoblins (D:1)
  A quokka (D:2)
  9 ball pythons
  4 bats
  2 frilled lizards (D:1)
  8 kobolds
  4 rats
  A spectral goblin (D:1)
57 creatures vanquished.

Notes
Turn   | Place    | Note
-------+----------+-------------------------------------------
     0 | D:1      | qw the Gargoyle Hunter began the quest for the Orb.
     0 | D:1      | Reached XP level 1. HP: 12/12 MP: 1/1
     0 | D:1      | 0 ||| qw: Version: 0.3-a-76-g4403597
     0 | D:1      | 0 ||| qw: Game counter: 827
     0 | D:1      | 0 ||| qw: Melee chars always use a shield: true
     0 | D:1      | 0 ||| qw: God list: Okawaru
     0 | D:1      | 0 ||| qw: Allow faded altars: false
     0 | D:1      | 0 ||| qw: Do Orc after clearing Dungeon:15 true
     0 | D:1      | 0 ||| qw: Do second Lair branch before Depths: true
     0 | D:1      | 0 ||| qw: Lair rune preference: random
     0 | D:1      | 0 ||| qw: Goals: Normal
     0 | D:1      | 0 ||| PLANNING D:1-11
   120 | D:1      | Reached XP level 2. HP: 17/17 MP: 2/2
   330 | D:1      | Found a faded altar of an unknown god.
   502 | D:1      | Reached XP level 3. HP: 18/21 MP: 3/3
   687 | D:1      | 687 ||| UPGRADING to +0 ring mail.
   697 | D:1      | 697 ||| DROPPING +0 leather armour.
   698 | D:1      | 698 ||| READING scroll labelled PYGIOK UNOLO.
   699 | D:1      | 699 ||| READING scroll labelled XINUHODGH AREI.
   700 | D:1      | 700 ||| READING scroll labelled KOOSHIMARGHI.
   701 | D:1      | 701 ||| READING scroll labelled HUEDAREARGH.
   802 | D:1      | 802 ||| DROPPING scroll of butterflies.
   934 | D:2      | Reached skill level 1 in Armour
   953 | D:2      | Reached skill level 5 in Ranged Weapons
   966 | D:2      | Reached XP level 4. HP: 20/27 MP: 4/4
   971 | D:2      | Reached skill level 3 in Fighting
  1568 | D:2      | 1568 ||| UPGRADING to ring of protection from cold.
  1569 | D:2      | 1569 ||| READING scroll labelled FITINE VIAN.
  1609 | D:3      | Noticed a scorpion
  1611 | D:3      | Killed a scorpion
  1612 | D:3      | Reached skill level 6 in Ranged Weapons
  1612 | D:3      | Reached XP level 5. HP: 32/32 MP: 5/5
  1636 | D:3      | Found a blossoming altar of Fedhas.
  1645 | D:3      | 1645 ||| READING scroll labelled MOIDWAEFUA.
  1692 | D:3      | Found a transporter.
  1694 | D:3      | Noticed qw's ghost (amateur GrHu)
  1694 | D:3      | Noticed an ogre
  1695 | D:3      | Noticed an ogre
  1697 | D:3      | Noticed Ijyb
  1723 | D:3      | Killed Ijyb
  1791 | D:3      | Found a transporter.
  1816 | D:3      | Identified the +9 hand axe "Buguth" {protect, Int+5}
  1824 | D:3      | HP: 7/33 [orc/the +9 hand axe "Buguth" {protect, Int+5}
                  | (5)]
  1825 | D:3      | HP: 1/33 [orc/the +9 hand axe "Buguth" {protect, Int+5}
                  | (6)]
  1825 | D:3      | Slain by an orc

Levels and vault maps discovered:
D:1:      dpeg_arrival_arbitrary_b, layout_loops_ring,
          dreamdust_ecumenical_altar_drowned_temple
D:2:      layout_loops_ring, minmay_box_of_dots
D:3:      layout_rooms, amcnicky_altar_gilded, gammafunk_ghost_smash,
          uniq_jessica, uniq_ijyb

Skill      XL: |  1  2  3  4 |
---------------+-------------+-----
Armour         | 1 |  1.3
Ranged Weapons | 5 6 |  6.0
Fighting       | 3 |  3.9
Dodging        | |  1.5
Stealth        | |  1.1

Action                     |  1- 3 |  4- 6 || total
---------------------------+-------+-------++-------
   Fire: Shortbow          |   107 |   104 ||   211
    Use: Scroll            |     4 |     2 ||     6
 Armour: Leather armour    |    18 |       ||    18
         Ring mail         |    10 |    59 ||    69
  Dodge: Dodged            |    24 |    40 ||    64

Table legend:
 A = Non-vault XP
 B = Vault XP
 C = Vault XP percentage of total XP
 D = Non-vault monster count
 E = Vault monster count
 F = Vault count percentage of total count
                 A         B        C        D         E       F
            +---------+---------+-------+---------+---------+-------
      Total |     269 |      40 |  12.9 |      53 |       4 |   7.0
            +---------+---------+-------+---------+---------+-------
        D:1 |      37 |       1 |   2.6 |      22 |       1 |   4.3
        D:2 |     121 |       3 |   2.4 |      22 |       2 |   8.3
        D:3 |     111 |      36 |  24.5 |       9 |       1 |  10.0
            +---------+---------+-------+---------+---------+-------
